 Dungeon Crawl Stone Soup version 0.28-a0-445-g51f8dfeb47 (webtiles) character file.

Game seed: 881934214588084039

6006 Akmetra the Cruncher (level 10, -1/76 (80) HPs)
             Began as a Grey Draconian Venom Mage on Sept 13, 2021.
             Slain by a yak (12 damage)
             ... on level 10 of the Dungeon.
             The game lasted 00:53:35 (8865 turns).

Akmetra the Cruncher (Grey Draconian Venom Mage)    Turns: 8865, Time: 00:53:35

HP:   -1/76 (80)    AC: 14    Str: 11    XL:     10   Next: 56%
MP:   6/17          EV: 13    Int: 18    God:
Gold: 387           SH:  0    Dex: 12    Spells: 11/18 levels left

rFire   . . .      SeeInvis .   u - +4 quarterstaff (chaos)
rCold   . . .      Faith    .   (shield currently unavailable)
rNeg    . . .      Spirit   .   (armour unavailable)
rPois   .          Reflect  .   (helmet restricted)
rElec   .          Harm     .   v - +0 cloak
rCorr   .          Rampage  .   (no gloves)
Will    .....                   R - +0 pair of boots
Stlth   ++........              a - amulet of regeneration
HPRegen 1.22/turn               (no ring)
MPRegen 0.15/turn               (no ring)

@: slowed, drained, very slow
A: AC +12, amphibious, unfitting armour, cold-blooded
a: no special abilities


You were on level 10 of the Dungeon.
You visited 1 branch of the dungeon, and saw 10 of its levels.
You also visited: Sewer.

You collected 387 gold pieces.

Inventory:

Hand Weapons
 n - a +2 dagger of venom
 p - a +1 vorpal hand axe
 u - a +4 quarterstaff of chaos (weapon)
 w - a +2 war axe of flaming
 y - the +4 flail of Melee {flame, rPois Will+}
   (You found it on level 4 of the Dungeon)

   It burns those it strikes, dealing additional fire damage.
   rPois:     It protects you from poison.
   Will:      It increases your willpower.
 H - a +1 dagger of draining
 M - a +1 dagger of protection
 P - a +2 antimagic dagger
Missiles
 b - 334 stones
 z - a throwing net
 A - 5 silver boomerangs
 N - 78 arrows
 O - 6 boomerangs of dispersal
Armour
 h - a +0 buckler
 v - a +0 cloak (worn)
 R - a +0 pair of boots (worn)
Magical Staves
 K - a staff of earth
Jewellery
 a - an amulet of regeneration (around neck)
 f - an amulet of the acrobat
 T - a +4 ring of slaying
Wands
 C - a wand of paralysis (20) (quivered)
 U - a wand of flame (16)
Scrolls
 c - 3 scrolls of fog {unknown}
 e - 2 scrolls of enchant weapon {unknown}
 i - a scroll of summoning {unknown}
 j - 5 scrolls of identify
 k - 6 scrolls of teleportation
 r - 2 scrolls of vulnerability {unknown}
 t - 3 scrolls of amnesia {unknown}
 B - a scroll of noise
 F - a scroll of fear {unknown}
 Q - 2 scrolls of immolation {unknown}
Potions
 d - 4 potions of lignification
 g - 2 potions of attraction {unknown}
 l - 2 potions of heal wounds {unknown}
 m - 2 potions of mutation {unknown}
 o - 4 potions of curing {unknown}
 q - 2 potions of brilliance {unknown}
 s - 6 potions of degeneration {unknown}
 x - 2 potions of ambrosia {unknown}
 D - 2 potions of magic {unknown}
 E - 3 potions of might {unknown}
 G - 3 potions of haste {unknown}
 I - a potion of cancellation {unknown}
 J - 2 potions of invisibility
 L - a potion of flight {unknown}
 S - a potion of berserk rage {unknown}


   Skills:
 + Level 4.4 Fighting
 + Level 3.8 Short Blades
 * Level 10.4 Staves
 + Level 5.3 Dodging
 + Level 4.3 Stealth
 + Level 1.1 Shields
 + Level 4.9 Spellcasting
 + Level 3.5 Transmutations
 + Level 0.4 Air Magic
 + Level 5.5 Poison Magic


You had 11 spell levels left.
You knew the following spells:

 Your Spells              Type           Power      Damage    Failure   Level
a - Sting                 Tmut/Pois      80%        1d7       1%          1
b - Poisonous Vapours     Pois/Air       30%        N/A       6%          2
c - Olgreb's Toxic Radia  Pois           24%        N/A       14%         4

Your spell library contained the following spells:

 Spells                   Type           Power      Damage    Failure   Level
 Spider Form              Tmut/Pois      10%        N/A       6%          3
 Corpse Rot               Necr/Air       N/A        N/A       19%         2
 Mephitic Cloud           Conj/Pois/Air  11%        N/A       19%         3
 Ensorcelled Hibernation  Hex/Ice        8%         N/A       21%         2


Dungeon Overview and Level Annotations

Branches:
Dungeon (10/15)            Temple (0/1) D:6            Lair (0/6) D:8
  Sewer (visited)
    Orc: D:9-12

Altars:
Elyvilon
Ru
Sif Muna
Xom

Shops:
D:2 [[*?:   D:7 [

Annotations:
D:3 2 transporters, Dwachs's ghost, amateur MiAK
D:7 Joseph
D:10 Josephine


Innate Abilities, Weirdness & Mutations

Your dull iron-grey scales are very hard. (AC +12)
You are amphibious.
You cannot fit into any form of body armour.
You are cold-blooded and may be slowed by cold attacks.


Message History

As you read the scroll labelled YFATYA DIFICUPT, it crumbles to dust.
It is a scroll of identify.
d - 4 potions of lignification The wraith hits you.
* * * LOW HITPOINT WARNING * * *
The wraith drains your vigour!
You feel as though you will be slow longer.
Josephine points at you and mumbles some strange words.
The ghostly flame explodes!
The ghostly fireball engulfs you!
You feel drained.
* * * LOW HITPOINT WARNING * * *
The ghostly fireball engulfs Josephine.
Josephine completely resists.
The ghostly fireball engulfs the wraith.
The wraith completely resists.
You can't go up here!
The wraith closely misses you. Josephine hits you but does no damage.
The wraith barely misses you. Josephine barely misses you.
You climb downwards.
The wraith closely misses you. x2
There is a stone staircase leading up, spattered with blood here.
As you read the scroll labelled QOAWUP GYENE, it crumbles to dust.
You feel strangely unstable.
It was a scroll of teleportation.
The wraith misses you. The wraith hits you but does no damage.
Josephine closely misses you.
Your surroundings suddenly seem different. 2 yaks come into view.
Found 12 gold pieces and a throwing net.
Found a stone staircase leading up.
The yak bellows! x2; You hear a bellow!
An orc wizard comes into view. It is wielding a +0 dagger.
The orc wizard shouts!
You hear a shout! x2
A yak comes into view.
The orc wizard gestures at you while chanting.
The magic dart hits you but does no damage.
You see here 12 gold pieces.
The yak gores you but does no damage.
A yak comes into view.
The yak misses you. The yak closely misses you. The yak gores you!
* * * LOW HITPOINT WARNING * * *
The yak gores you!
You die...

#. #. .Y .# #.#Y#
#.#.# # #.#Y#
##.###.#.#####
..<..........#####
.........##.......
.........Y@...#
........$Y....#
..##....o.....# .
#..........#
......##.....#
....... #.....#
....(.. .....##
....... .....#
.........##..#


You could see 2 yaks and an orc wizard.

Vanquished Creatures
  Erolcha (D:9)
  A two-headed ogre (D:8)
  Maggie (D:7)
  A rime drake (D:6)
  A wraith (D:9)
  A steam dragon (D:8)
  Menkaure (D:6)
  An acid dragon (D:9)
  3 black bears
  An orc warrior (D:7)
  A sky beast (D:7)
  4 centaurs
  2 ice beasts
  An ogre (D:5)
  A necrophage (D:5)
  A phantom (D:4)
  6 kobold brigands
  5 bullfrogs
  A scorpion (D:6)
  A water moccasin zombie (D:7)
  A wyvern zombie (D:7)
  A water moccasin skeleton (D:5)
  10 wights
  A howler monkey (D:6)
  A jelly (D:6)
  A bullfrog zombie (D:5)
  4 centaur zombies
  2 orc priests
  3 hounds (D:4)
  Crazy Yiuf (D:3)
  2 bullfrog skeletons
  An iguana (D:6)
  3 orc wizards
  A hound zombie (D:5)
  7 gnolls
  8 river rats (Sewer)
  7 adders
  2 white imps (D:7)
  An ufetubus (D:4)
  A worm (D:4)
  5 dart slugs
  31 orcs
  10 ball pythons
  4 bats
  8 endoplasms
  7 giant cockroaches
  11 goblins
  9 hobgoblins
  8 quokkas
  4 frilled lizards
  49 kobolds
  22 rats
261 creatures vanquished.

Vanquished Creatures (others)
  A gnoll (D:10)
1 creature vanquished.

Grand Total: 262 creatures vanquished

Notes
Turn   | Place    | Note
-------+----------+-------------------------------------------
     0 | D:1      | Akmetra the Draconian Venom Mage began the quest for the
                  | Orb.
     0 | D:1      | Reached XP level 1. HP: 14/14 MP: 3/3
   268 | D:1      | Reached XP level 2. HP: 18/20 MP: 1/5
  1104 | D:2      | Reached skill level 1 in Short Blades
  1137 | D:2      | Reached XP level 3. HP: 26/26 MP: 4/6
  1196 | D:2      | Found a shimmering altar of Xom.
  1223 | D:2      | Found Jijoyhob's Assorted Antiques.
  1224 | D:2      | Found Arupsuw's Book Emporium.
  1240 | D:2      | Found Janul's Magic Scroll Boutique.
  1315 | D:2      | Found Goewnyiw's Armour Boutique.
  1348 | D:2      | Found Anuanaz's Armour Shoppe.
  1625 | D:2      | Found a faded altar of an unknown god.
  1896 | D:2      | Reached XP level 4. HP: 33/33 MP: 2/8
  2424 | D:3      | Found a transporter.
  2427 | D:3      | Noticed Dwachs's ghost (amateur MiAK)
  2801 | D:3      | Found a transporter.
  3120 | D:3      | Found a runed translucent door.
  3121 | D:3      | Noticed Crazy Yiuf
  3279 | D:3      | Killed Crazy Yiuf
  3280 | D:3      | Reached XP level 5. HP: 21/38 MP: 1/9
  3411 | D:4      | Noticed a phantom
  3577 | D:4      | Killed a phantom
  3578 | D:4      | Reached XP level 6. HP: 19/46 MP: 8/11
  3627 | D:4      | Identified the +7 short sword of Anyjiz {freeze, Stlth+}
  3787 | D:4      | Identified the +4 flail of Melee {flame, rPois Will+}
  4082 | D:4      | Reached skill level 1 in Staves
  4114 | D:5      | Entered Level 5 of the Dungeon
  4187 | D:5      | Reached skill level 1 in Fighting
  4187 | D:5      | Your scales start taking on a dull iron-grey colour.
  4187 | D:5      | Reached XP level 7. HP: 38/52 MP: 10/12
  4367 | D:5      | Reached skill level 2 in Staves
  4676 | D:5      | Reached skill level 1 in Shields
  4795 | D:5      | Reached skill level 3 in Staves
  4795 | D:5      | Reached XP level 8. HP: 60/61 MP: 13/13
  4813 | D:6      | Noticed Menkaure
  4825 | D:5      | Reached skill level 4 in Staves
  4924 | D:6      | Killed Menkaure
  4925 | D:6      | Reached skill level 5 in Staves
  5019 | D:6      | Noticed a rime drake
  5019 | D:6      | a black bear changed into a rime drake
  5022 | D:6      | Killed a rime drake
  5023 | D:6      | Reached skill level 6 in Staves
  5028 | D:6      | Found a glowing drain.
  5035 | Sewer    | Entered a sewer
  5234 | Sewer    | Reached XP level 9. HP: 67/68 MP: 14/14
  5714 | D:6      | Found a staircase to the Ecumenical Temple.
  6037 | D:7      | Noticed Maggie
  6205 | D:7      | Reached skill level 7 in Staves
  6287 | D:7      | Noticed Joseph
  6388 | D:7      | Found a sacrificial altar of Ru.
  6423 | D:7      | Reached skill level 8 in Staves
  6513 | D:7      | Found a white marble altar of Elyvilon.
  6754 | D:7      | Found Ciusis's Armour Boutique.
  6836 | D:7      | Found a shimmering altar of Xom.
  6960 | D:7      | Killed Maggie
  7066 | D:8      | Reached skill level 9 in Staves
  7086 | D:8      | Found a shimmering blue altar of Sif Muna.
  7160 | D:8      | Learned a level 2 spell: Poisonous Vapours
  7165 | D:8      | Learned a level 4 spell: Olgreb's Toxic Radiance
  7204 | D:8      | Noticed a two-headed ogre
  7213 | D:8      | Killed a two-headed ogre
  7214 | D:8      | Reached XP level 10. HP: 47/78 MP: 13/16
  7307 | D:8      | Found a staircase to the Lair.
  8043 | D:8      | Reached skill level 5 in Dodging
  8226 | D:9      | Reached skill level 5 in Poison Magic
  8256 | D:9      | Noticed Erolcha
  8269 | D:9      | Killed Erolcha
  8270 | D:9      | Reached skill level 10 in Staves
  8799 | D:10     | Entered Level 10 of the Dungeon
  8799 | D:10     | Noticed Josephine
  8855 | D:9      | HP: 2/76 [Josephine/ghostly fireball (12)]
  8865 | D:10     | Slain by a yak

Illustrated notes

Levels and vault maps discovered:
D:1:      ncdulo_halloftheorcs, layout_loops_cross
D:2:      layout_basic, dreamdust_ecumenical_altar_angels_and_demons,
          basic_altar, serial_shops, shop, nicolae_shop_behind_doors,
          shop_fountains, nicolae_square_shop, shop, grunt_ministairs_9,
          minivault_11, minmay_goblin_outpost
D:3:      layout_basic, gammafunk_ghost_stat_death, lemuel_another_geyser,
          uniq_crazy_yiuf_cottage
D:4:      layout_rooms, grunt_ministairs_8
D:5:      layout_loops_ring
D:6:      layout_gridville, minmay_temple_entry_from_below_b,
          gup_sewer_entry_pipe, hangedman_glass_teeth, uniq_menkaure
D:7:      layout_loops_cross, nicolae_ru_sacrificial_ziggurat,
          mainiacjoe_overflow_alcove_4, elyvilon_altar_3, serial_shops,
          shop_fountains, uniq_joseph, uniq_maggie
D:8:      layout_basic, nicolae_sif_muna_condensation, lair_entry_dummy
D:9:      layout_basic, uniq_erolcha
D:10:     layout_loops_ring, erik_orc_4, gammafunk_ghost_ooze,
          minmay_misc_feat_diagonals, kennysheep_crisscross,
          lightli_orcish_oven, uniq_josephine

Skill      XL: |  1  2  3  4  5  6  7  8  9 10 |
---------------+-------------------------------+-----
Short Blades   | 1 2 3 |  3.8
Spellcasting   | 3 4 |  4.9
Stealth        | 2 3 4 |  4.3
Transmutations | 2 3 |  3.5
Dodging        | 2 3 4 5 |  5.3
Staves         | 1 3 6 9 10 | 10.4
Fighting       | 1 2 3 4 |  4.4
Poison Magic   | 4 5 |  5.5
Shields        | 1 |  1.1
Air Magic      | |  0.4

Action                   |  1- 3 |  4- 6 |  7- 9 | 10-12 || total
-------------------------+-------+-------+-------+-------++-------
Melee: Dagger            |    58 |   179 |    37 |       ||   274
       Unarmed           |     4 |       |       |       ||     4
       Tailslap          |     6 |    12 |    40 |    10 ||    68
       Quarterstaff      |       |       |   377 |    93 ||   470
 Cast: Sting             |    57 |    30 |    30 |     2 ||   119
       Poisonous Vapours |       |       |     2 |     7 ||     9
       Olgreb's Toxic Ra |       |       |       |     7 ||     7
  Use: Scroll            |       |       |     2 |     2 ||     4
 Stab: Sleeping          |     2 |     8 |     4 |     1 ||    15
       Paralysed         |       |       |     1 |       ||     1
       Confused          |       |       |     2 |       ||     2
Armor: Skin              |    31 |    53 |   203 |    57 ||   344
Dodge: Dodged            |    52 |    86 |   303 |   102 ||   543
Block: Buckler           |     6 |    21 |     4 |       ||    31

Table legend: (Time is in decaauts)
 A = Elapsed time spent in this place.
 B = Non-inter-level travel time spent in this place.
 C = Inter-level travel time spent in this place.
 D = Time resting spent in this place.
 E = Time spent auto-exploring this place.
 F = Levels seen in this place.
 G = Mean time per level.
                   A        B        C        D        E       F      G
               +--------+--------+--------+--------+--------+-----+--------+
         Total |   8864 |   8277 |    587 |      0 |   5683 |  11 |  805.8 |
       Dungeon |   8283 |   7696 |    587 |      0 |   5414 |  10 |  828.3 |
         Sewer |    581 |    581 |      0 |      0 |    269 |   1 |  581.0 |
               +--------+--------+--------+--------+--------+-----+--------+

Top non-repeatable levels by time:
     D:2: 1261 daAuts
     D:8: 1105 daAuts
     D:1: 1093 daAuts
     D:3: 1051 daAuts
     D:7: 945 daAuts
     D:5: 749 daAuts
     D:9: 714 daAuts
     D:4: 700 daAuts
     D:6: 639 daAuts
   Sewer: 581 daAuts
    D:10: 21 daAuts
